 Dungeon Crawl Stone Soup version 0.20-a0-1034-gb277f92 (webtiles) character file.

70 pichaelthompson the Sneak (level 4, -1/30 HPs)
             Began as an Octopode Assassin on Apr 21, 2017.
             Slain by a goblin (5 damage)
             ... led by Robin
             ... on level 2 of the Dungeon.
             The game lasted 00:04:00 (1731 turns).

pichaelthompson the Sneak (Octopode Assassin)       Turns: 1731, Time: 00:04:01

Health: -1/30      AC:  1    Str: 11    XL:     4   Next: 22%
Magic:  4/4        EV: 13    Int: 13    God:
Gold:   156        SH:  0    Dex: 13    Spells: 3/3 levels left

rFire    . . .     SeeInvis .   i - -1 dagger (curse)
rCold    . . .     Gourm    .   (no shield)
rNeg     . . .     Faith    .   (helmet restricted)
rPois    .         Spirit   .   (no amulet)
rElec    .         Reflect  .   k - ring of flight
rCorr    .         Harm     .   (no ring)
MR       .....                  (no ring)
Stlth    ++++......             (no ring)
Regen    0.1/turn               (no ring)
MPRegen  0.1/turn               (no ring)
                                (no ring)
                                (no ring)

@: no status effects
A: almost no armour, stealthy swim, amphibious, 8 rings, constrict 8, camouflage
1, gelatinous body 1
a: Evoke Flight


You were on level 2 of the Dungeon.
You were hungry.

You visited 1 branch of the dungeon, and saw 2 of its levels.

You collected 156 gold pieces.

Inventory:

Hand Weapons
 a - a +2 dagger
 b - a +0 blowgun
 i - a cursed -1 dagger (weapon)
Missiles
 c - 8 poisoned needles
 d - 2 curare-tipped needles
 m - 133 stones (quivered)
Jewellery
 k - a ring of flight (left tentacle)
Wands
 t - a wand of paralysis (17/24)
Scrolls
 e - a scroll of enchant weapon {unknown}
 h - a scroll of immolation {unknown}
 l - 2 scrolls of magic mapping {unknown}
 n - a scroll of identify
 p - 3 scrolls of teleportation {unknown}
 r - a scroll of remove curse {unknown}
 s - a scroll of amnesia {unknown}
Potions
 o - a potion of agility
 q - a potion of curing
 u - a potion of flight
Comestibles
 f - a bread ration
 g - 2 meat rations
 j - a fruit


   Skills:
 + Level 2.4 Fighting
 + Level 2.2 Short Blades
 + Level 2.2 Throwing
 + Level 1.6 Dodging
 + Level 6.7 Stealth


You had 3 spell levels left.
You didn't know any spells.

Dungeon Overview and Level Annotations

Branches:
Dungeon (2/15)

Altars:

Annotations:
D:2 Robin


Innate Abilities, Weirdness & Mutations

You cannot wear most types of armour.
You are very stealthy in the water. (Stealth+)
You are amphibious.
You can wear up to eight rings at the same time.
You can use your tentacles to constrict eight enemies at once.
Your skin changes colour to match your surroundings (Stealth+).
Your rubbery body absorbs attacks. (AC +1, EV +1)


Message History

You constrict the goblin. Robin throws the goblin at you!
The goblin barely misses you. The goblin hits you.
The goblin closely misses you.
A goblin comes into view. It is wielding a dagger.
The goblin shouts!
You hit the goblin but do no damage.
The goblin is heavily wounded.
You constrict the goblin. The goblin closely misses you. The goblin hits you.
* * * LOW HITPOINT WARNING * * *
The goblin hits you but does no damage.
A goblin comes into view. It is wielding a dagger.
You hit the goblin.
You kill the goblin!
Robin roars a battlecry!
The goblin goes into a battle-frenzy!
The goblin hits you with a dagger.
* * * LOW HITPOINT WARNING * * *
You hit the goblin but do no damage. Your grab misses the goblin.
The goblin hits you.
You die...

#.##...#####
#.#
#.##.#.....#...
..#
#.##...###.#ggg
####.##.###
#.##g#
.........#
#.##.#
#.#..###.#
#.##g# #.#.## .
#.##g# #<#.#
###.##g# #.#.##
#....g@# #....#
#.###.g# ###).#
... #..# .....#
###.###.##
####.# #.....#
# #.# ###.###
####.# #.
.....########.#
..............#


You could see Robin and 8 goblins.

Vanquished Creatures
  2 adders (D:2)
  2 worms (D:2)
  2 dart slugs (D:1)
  A leopard gecko (D:2)
  3 bats
  A giant cockroach (D:2)
  4 goblins
  6 hobgoblins
  3 jackals (D:2)
  5 kobolds
  3 quokkas (D:2)
  2 frilled lizards (D:1)
  5 rats
39 creatures vanquished.

Notes
Turn   | Place    | Note
-------+----------+-------------------------------------------
     0 | D:1      | pichaelthompson the Octopode Assassin began the quest for the Orb.
     0 | D:1      | Reached XP level 1. HP: 14/14 MP: 1/1
   114 | D:1      | Reached XP level 2. HP: 18/19 MP: 2/2
   497 | D:1      | Reached skill level 6 in Stealth
   767 | D:2      | Reached XP level 3. HP: 23/24 MP: 3/3
  1628 | D:2      | Reached XP level 4. HP: 30/30 MP: 4/4
  1724 | D:2      | Noticed Robin
  1731 | D:2      | Slain by a goblin

Vault maps used:
D:1:      scummos_arrival_forest, serial_forest, infiniplex_forest_end_2,
          infiniplex_forest_clump_curved, infiniplex_forest_lined_room_2,
          infiniplex_forest_side_room, infiniplex_forest_lined_3
D:2:      uniq_robin

Skill      XL: |  1  2 |
---------------+-------+-----
Stealth        | 6 |  6.7
Fighting       | |  2.4
Short Blades   | |  2.2
Throwing       | |  2.2
Dodging        | |  1.6

Action                   |  1- 3 |  4- 6 || total
-------------------------+-------+-------++-------
Melee: Dagger            |    84 |    16 ||   100
       Constrict         |    21 |     4 ||    25
       Tentacles         |    14 |     2 ||    16
  Use: Scroll            |     3 |       ||     3
 Stab: Sleeping          |     9 |       ||     9
  Eat: Chunk             |     2 |       ||     2
Armor: Skin              |     9 |     1 ||    10
Dodge: Dodged            |    52 |    11 ||    63
